Map: Cyber Forest LE

Players

IllIlllIllII

  • Race: Protoss Protoss
  • League: Master
  • Spawn Location: 11:00

Lambo - Winner!

  • Race: Zerg Zerg
  • League: Grandmaster
  • Spawn Location: 5:00

VOD

Have the link to the VOD?

Description

Time

  • Played on: Feb. 11, 2019, 9:55 a.m.
  • Length: 4:32
Show
View Real Time Build Order
Export as new Build Order

IllIlllIllII Protoss 

Build Orders:  

Get SALT Encoding   

  12  0:00  Probe  
  13  0:12  Probe  
  14  0:18  Pylon  
  14  0:24  Probe  
  15  0:32  Probe  
  15  0:38  Forge  
  15  0:40  Probe  
  17  0:51  Probe  
  18  1:01  Pylon  
  18  1:11  Pylon  
  18  1:12  Pylon  
  18  1:19  Photon Cannon  
  18  1:27  Gateway  
  18  1:37  Probe  
  18  1:38  Assimilator  
  19  1:50  Probe  
  19  1:52  Assimilator  
  20  2:02  Probe  
  21  2:09  Zealot  
  21  2:14  Cybernetics Core  
  21  2:17  Probe  
  24  2:29  Probe  
  25  2:30  Photon Cannon  
  25  2:42  Stalker  
  25  2:54  Robotics Facility  
  27  2:59  Shield Battery  
  27  3:00  Shield Battery  
  27  3:02  Pylon  
  27  3:11  Stalker  
  29  3:22  Shield Battery  
  29  3:30  Photon Cannon  
  29  3:42  Immortal  
  33  3:54  Shield Battery  
  33  3:55  Pylon  
Show
View Real Time Build Order
Export as new Build Order

Lambo Zerg - Winner!

Build Orders: Hatch First 

Get SALT Encoding   

  12  0:01  Drone  
  13  0:13  Overlord  
  13  0:17  Drone  
  14  0:32  Drone x2  
  16  0:49  Hatchery  
  15  0:53  Drone  
  15  0:56  Drone  
  17  0:58  Drone  
  18  1:16  Spawning Pool  
  18  1:17  Drone  
  18  1:21  Drone  
  19  1:36  Extractor  
  19  1:37  Extractor  
  18  1:40  Drone, Hatchery  
  18  1:42  Drone  
  19  1:51  Drone  
  20  2:02  Drone  
  20  2:05  Roach Warren  
  20  2:08  Queen  
  22  2:18  Overlord  
  22  2:23  Metabolic Boost  
  22  2:38  Zergling x4  
  24  2:56  Roach  
  26  2:59  Zergling x2  
  26  3:00  Overlord  
  26  3:03  Roach  
  29  3:13  Drone  
  29  3:14  Roach  
  29  3:16  Ravager  
  33  3:20  Zergling x2  
  33  3:26  Zergling x6  
  37  3:27  Roach  
  37  3:30  Ravager  
  40  3:35  Overlord  
  40  3:37  Ravager  
  41  3:44  Roach  
  43  3:56  Ravager  
  43  3:57  Roach x2  
  43  3:59  Zergling x2  
Tags
 
Add a new tag
Caveats
  • Supply blocks, unpowered buildings, or Contaminate may cause inaccurate times.
  • Supply counts are checked every 10 seconds.